 Dungeon Crawl Stone Soup version 0.18.1-50-g88ac8fd (webtiles) character file.

81 ololoev the Magician (level 4, 0/24 HPs)
             Began as a Deep Elf Earth Elementalist on Dec 6, 2016.
             Slain by a bat (1 damage)
             ... on level 3 of the Dungeon.
             The game lasted 00:03:31 (485 turns).

ololoev the Magician (Deep Elf Earth Elementalist)   Turns: 485, Time: 00:03:31

Health: 0/24       AC:  3    Str:  5    XL:     4   Next: 19%
Magic:  0/13       EV: 13    Int: 21    God:
Gold:   41         SH:  0    Dex: 15    Spells: 3 memorised, 7 levels left

rFire  . . .     SeeInvis .     (no weapon)
rCold  . . .     Gourm    .     a - +0 robe
rNeg   . . .     Faith    .     (no shield)
rPois  .         Spirit   .     g - +1 hat
rElec  .         Dismiss  .     (no cloak)
rCorr  .         Reflect  .     (no gloves)
SustAt .         Harm     .     (no boots)
MR     .....                    (no amulet)
Stlth  ++........               (no ring)
                                i - ring of flight

@: not resistant to hostile enchantments, unstealthy
A: no striking features
a: Evoke Flight

Inventory:

Missiles
 n - a throwing net (quivered)
Armour
 a - a +0 robe (worn)
 g - a +1 hat (worn)
Jewellery
 i - a ring of flight (left hand)
Wands
 l - a wand of lightning (10/15)
Scrolls
 e - a scroll of blinking {unknown}
 h - a scroll of enchant armour {unknown}
 j - a scroll of fog {unknown}
 k - a scroll of enchant weapon {unknown}
 m - a scroll of teleportation {unknown}
Potions
 f - a potion of agility
Books
 c - a book of Geomancy

   Spells                             Type                      Level
   a - Sandblast                      Earth                        1
   b - Passwall                       Transmutation/Earth          2
   c - Stone Arrow                    Conjuration/Earth            3
   d - Petrify                        Transmutation/Earth          4
   e - Lee's Rapid Deconstruction     Earth                        5
Comestibles
 d - 2 bread rations


   Skills:
 - Level 2.4 Dodging
 - Level 2.4 Stealth
 * Level 5.4 Spellcasting
 + Level 1.0 Conjurations
 - Level 1.1 Transmutations
 + Level 3.8 Earth Magic


You had 7 spell levels left.
You knew the following spells:

 Your Spells              Type           Power        Failure   Level  Hunger
a - Sandblast             Erth           ###...       1%          1    None
b - Stone Arrow           Conj/Erth      ###...       14%         3    ##.....
w - Passwall              Trmt/Erth      ###.......   8%          2    None


You were on level 3 of the Dungeon.
You were not hungry.

You visited 1 branch of the dungeon, and saw 4 of its levels.

You collected 41 gold pieces.

#.......#.#....##.##....#
#.......#.#.....#.# ....#
#.......#.#...)..#......#
#..........#.#b.###.......
##...###...#[#...#
..######
#...###...#.#..#.# .#
#.........#.#.##.# ..
#......#......#... ..
#......####@#..# #. ###
#.........#b#.#...#.
#.........#>..# )##
#.........###..# #
#.........# #....
##.........# #####
#..........#
####...########
#......'.......

Notes
Turn   | Place    | Note
--------------------------------------------------------------
     0 | D:1      | ololoev the Deep Elf Earth Elementalist began the quest for the Orb.
     0 | D:1      | Reached XP level 1. HP: 10/10 MP: 6/6
   163 | D:1      | Reached XP level 2. HP: 15/15 MP: 6/8
   215 | D:1      | Reached skill level 4 in Spellcasting
   305 | D:3      | Reached XP level 3. HP: 19/19 MP: 4/11
   309 | D:3      | Learned a level 2 spell: Passwall
   313 | D:3      | Learned a level 3 spell: Stone Arrow
   392 | D:3      | Reached skill level 5 in Spellcasting
   447 | D:4      | Noticed ololoev's ghost (amateur DEEE)
   452 | D:4      | Reached skill level 1 in Conjurations
   452 | D:4      | Reached XP level 4. HP: 15/24 MP: 0/13
   482 | D:4      | HP: 1/24 [ololoev's ghost/stone arrow (14)]
   485 | D:3      | Slain by a bat

Dungeon Overview and Level Annotations

Branches:
Dungeon (4/15)
 Temple: D:4-7

Altars:

Annotations:
D:4 ololoev's ghost, amateur DEEE


Message History

Aim: a worker ant (almost dead)
The rocky blast misses the worker ant.
The worker ant misses you.
Casting: Sandblast
Confirm with . or Enter, or press ? or * to list all spells.
Aiming: Sandblast
Press: ? - help, Shift-Dir - straight line, f/p - worker ant
Aim: a worker ant (almost dead)
The rocky blast hits the worker ant.
You kill the worker ant!
Your Conjurations skill increases to level 1!
You have reached level 4!
You feel clever.
There is a stone staircase leading up here.
You swing at nothing.
You swing at nothing.
You swing at nothing.
You swing at nothing.
You swing at nothing.
You swing at nothing.
You swing at nothing.
You swing at nothing.
You swing at nothing.
You swing at nothing.
You swing at nothing.
You swing at nothing.
You swing at nothing.
You swing at nothing.
You swing at nothing.
You swing at nothing.
You swing at nothing.
Casting: Sandblast
Confirm with . or Enter, or press ? or * to list all spells.
Aiming: Sandblast
Press: ? - help, Shift-Dir - straight line, f - ololoev's ghost
Aim: ololoev's ghost (hasn't noticed you)
The rocky blast misses ololoev's ghost.
Ololoev's ghost turns its malevolent gaze towards you.
Ololoev's ghost points at you and mumbles some strange words.
The rocky blast hits you!
Casting: Sandblast
Confirm with . or Enter, or press ? or * to list all spells.
Aiming: Sandblast
Press: ? - help, Shift-Dir - straight line, f/p - ololoev's ghost
Aim: ololoev's ghost The rocky blast hits ololoev's ghost.
Ololoev's ghost is heavily damaged.
Ololoev's ghost screams, "You must not succeed where I failed!"
Casting: Sandblast
Confirm with . or Enter, or press ? or * to list all spells.
Aiming: Sandblast
Press: ? - help, Shift-Dir - straight line, f/p - ololoev's ghost
Aim: ololoev's ghost (heavily damaged)
The rocky blast hits ololoev's ghost.
Ololoev's ghost is heavily damaged.
Ololoev's ghost hits you.
Casting: Sandblast
Confirm with . or Enter, or press ? or * to list all spells.
Aiming: Sandblast
Press: ? - help, Shift-Dir - straight line, f/p - ololoev's ghost
Aim: ololoev's ghost (heavily damaged)
The rocky blast hits ololoev's ghost.
Ololoev's ghost is heavily damaged.
Ololoev's ghost gestures at you while chanting.
The stone arrow misses you.
Casting: Sandblast
Confirm with . or Enter, or press ? or * to list all spells.
Aiming: Sandblast
Press: ? - help, Shift-Dir - straight line, f/p - ololoev's ghost
Aim: ololoev's ghost (heavily damaged)
The rocky blast misses ololoev's ghost.
You are now empty-handed.
Ololoev's ghost casts a spell at you. The stone arrow hits you!
Ololoev's ghost gestures at you while chanting.
The stone arrow hits you!
Ouch! That really hurt!
You climb upwards.
The bat misses you.
There is a stone staircase leading down here.
The bat barely misses you. The bat hits you.
You die...

You could see a bat.

Vanquished Creatures
  A worker ant (D:4)
  3 adders (D:3)
  A dart slug (D:1)
  2 orcs (D:3)
  5 bats
  A giant cockroach (D:1)
  2 goblins
  2 hobgoblins
  5 jackals
  A giant newt (D:1)
  2 kobolds
  3 rats
28 creatures vanquished.

Action                   |  1- 3 |  4- 6 || total
-------------------------+-------+-------++-------
 Cast: Sandblast         |    47 |     6 ||    53
  Use: Potion            |     2 |       ||     2
Armor: Robe              |     8 |     1 ||     9
Dodge: Dodged            |    26 |     3 ||    29

Vault maps used:
D:1:      ncdulo_halloftheorcs
D:2:      first_bread, minivault_26
D:3:      lemuel_doored_altar, minmay_ruptured
D:4:      temple_hall
